 Dungeon Crawl Stone Soup version 0.27-a0-920-gb2bd10914a (webtiles) character file.

Game seed: 4971227181362130731

662 robertstho the Magician (level 7, -7/47 HPs)
             Began as a Djinni Fire Elementalist on Apr 9, 2021.
             Killed from afar by Ijyb (26 damage)
             ... with a bolt of acid
             ... on level 4 of the Dungeon.
             The game lasted 00:07:39 (6331 turns).

robertstho the Magician (Djinni Fire Elementalist)  Turns: 6331, Time: 00:07:40

Health: -7/47      AC:  3    Str:  7    XL:     7   Next: 56%
Gold:   90         EV: 13    Int: 19    God:
                   SH:  0    Dex: 13

rFire    + + .     SeeInvis .   b - +2 longbow (freeze)
rCold    x . .     Faith    .   (shield currently unavailable)
rNeg     . . .     Spirit   .   a - +0 robe
rPois    ∞         Reflect  .   h - +0 helmet
rElec    .         Harm     .   (no cloak)
rCorr    .         Rampage  .   (no gloves)
Will     .....                  (boots unavailable)
Stlth    ++........             (no amulet)
HPRegen  0.15/turn              (no ring)
MPRegen  0.00/turn              (no ring)

@: flying
A: fire resistance 2, cold vulnerability 1, float, innate caster, hp casting,
extra vitality 1
a: no special abilities


You were on level 4 of the Dungeon.
You visited 1 branch of the dungeon, and saw 4 of its levels.

You collected 90 gold pieces.

Inventory:

Hand Weapons
 b - a +2 longbow of freezing (weapon)
 f - a +0 dagger
Missiles
 d - 2 throwing nets
 r - 6 arrows (quivered ammo)
Armour
 a - a +0 robe (worn)
 h - a +0 helmet (worn)
Scrolls
 c - a scroll of identify {unknown}
 e - a scroll of magic mapping {unknown}
 j - a scroll of amnesia {unknown}
 k - a scroll of fear {unknown}
 m - a scroll of brand weapon {unknown}
 o - a scroll of enchant armour {unknown}
 p - a scroll of enchant weapon {unknown}
 q - a scroll of summoning {unknown}
Potions
 g - 2 potions of mutation {unknown}
 i - a potion of heal wounds {unknown}
 l - 2 potions of brilliance {unknown}
 n - a potion of degeneration {unknown}
 s - 2 potions of curing {unknown}


   Skills:
 + Level 1.4 Fighting
 + Level 0.8 Short Blades
 + Level 1.1 Bows
 + Level 3.4 Dodging
 + Level 3.0 Stealth
 + Level 6.0 Spellcasting


You couldn't memorise any spells.
You knew the following spells:

 Your Spells              Type           Power      Damage    Failure   Level
a - Foxfire               Conj/Fire      100%       2x1d9     1%          1
b - Conjure Flame         Conj/Fire      28%        6-21      2%          3
c - Inner Flame           Hex/Fire       28%        N/A       2%          3
d - Sticky Flame          Conj/Fire      28%        2d5       10%         4
e - Fireball              Conj/Fire      14%        3d8       26%         5
f - Animate Skeleton      Necr           56%        N/A       1%          1
g - Passwall              Tmut/Erth      23%        N/A       1%          2
h - Confusing Touch       Hex            28%        N/A       2%          3
Your spell library was empty.

Dungeon Overview and Level Annotations

Branches:
Dungeon (4/15)
 Temple: D:4-7

Altars:
Ashenzari
Nemelex Xobeh

Shops:
D:2 *

Annotations:
D:4 Ijyb


Innate Abilities, Weirdness & Mutations

You are immune to poison.
Your flesh is very heat resistant. (rF++)
You are vulnerable to cold. (rC-)
You float through the air rather than walking.
You learn spells naturally, not from books.
Your magical power is your life essence.
You have superior vitality. (+4 HP)


Message History

You shoot an arrow.
The arrow hits the white imp but does no damage.
You shoot an arrow. The arrow hits the white imp!
The white imp is almost dead.
Casting: Foxfire (safe; 1% risk of failure)
Confirm with . or Enter, or press ? or * to list all spells.
You conjure some foxfire!
The giant cockroach closely misses you.
The white imp lashes its tail.
The white imp hits you. The white imp freezes you.
You feel a terrible chill!
Ijyb the Twisted Goblin comes into view.
She is wielding a +0 club and carrying a wand of acid (11).
Casting: Foxfire (safe; 1% risk of failure)
Confirm with . or Enter, or press ? or * to list all spells.
You conjure some foxfire!
The foxfire hits the white imp!
The white imp is burned terribly!
You kill the white imp!
The foxfire hits the giant cockroach.
The giant cockroach is almost dead.
The giant cockroach closely misses you.
Casting: Foxfire (safe; 1% risk of failure)
Confirm with . or Enter, or press ? or * to list all spells.
You conjure some foxfire!
The foxfire hits the giant cockroach.
You kill the giant cockroach!
Unknown command.
Casting: Foxfire (safe; 1% risk of failure)
Confirm with . or Enter, or press ? or * to list all spells.
You conjure some foxfire!
The foxfire hits Ijyb.
Ijyb is lightly wounded.
The foxfire hits Ijyb.
Ijyb is moderately wounded.
Unknown command.
Casting: Foxfire (safe; 1% risk of failure)
Confirm with . or Enter, or press ? or * to list all spells.
You conjure some foxfire!
The foxfire hits Ijyb but does no damage.
Ijyb is moderately wounded.
Ijyb zaps a wand.
The bolt of acid hits your foxfire!!
Your foxfire is splashed with acid.
The acid corrodes your foxfire! The bolt of acid misses your foxfire.
The bolt of acid hits you!!
Ouch! That really hurt!
You die...

..#.........
...................####
##.........# ...........
.... ......###.g.....(.>
...####...# ...........
....>###.#####v§§(....#
....##....##.#§§.§(...#
.....#........§vv§)..###
...##..###.....§@§......
.......###.....§§..<..#.
.#.#.............##(..#.
...#....#.....##### (...
...##...#.....###.#.....
....#.......<..........(
........#..#......#.#..#
......###........##
....### ##..........


You could see Ijyb (ally target).

Vanquished Creatures
  An ogre (D:3)
  A scorpion (D:2)
  A hound (D:4)
  2 gnoll shamans (D:3)
  29 gnolls (D:3)
  3 adders (D:2)
  A white imp (D:4)
  3 dart slugs
  8 endoplasms
  2 giant cockroaches
  5 goblins
  6 hobgoblins
  32 jackals
  3 quokkas
  7 ball pythons
  6 bats
  2 frilled lizards
  6 kobolds
  4 rats
122 creatures vanquished.

Vanquished Creatures (collateral kills)
  A foxfire (D:3)
1 creature vanquished.

Vanquished Creatures (others)
  343 foxfires
  A plant (D:3)
344 creatures vanquished.

Grand Total: 467 creatures vanquished

Notes
Turn   | Place    | Note
-------+----------+-------------------------------------------
     0 | D:1      | robertstho the Djinni Fire Elementalist began the quest for
                  | the Orb.
     0 | D:1      | Reached XP level 1. HP: 15/15 MP: 0/0
   246 | D:1      | Reached skill level 3 in Spellcasting
   299 | D:1      | Reached XP level 2. HP: 19/21 MP: 0/0
   954 | D:1      | Identified a scroll of acquirement
   954 | D:1      | Acquired a +2 longbow of freezing
  1238 | D:1      | Reached XP level 3. HP: 13/25 MP: 0/0
  1238 | D:1      | Learned a level 1 spell: Animate Skeleton
  2302 | D:2      | Found a faded altar of an unknown god.
  2521 | D:2      | Reached XP level 4. HP: 30/31 MP: 0/0
  2522 | D:2      | Noticed a scorpion
  2532 | D:2      | Killed a scorpion
  2533 | D:2      | Reached skill level 4 in Spellcasting
  2533 | D:2      | Reached XP level 5. HP: 22/35 MP: 0/0
  2533 | D:2      | Learned a level 2 spell: Passwall
  2769 | D:2      | Found Zaomo's General Store.
  3372 | D:3      | Found a large runed translucent door.
  3373 | D:3      | Found a large runed translucent door.
  4011 | D:3      | Reached XP level 6. HP: 12/41 MP: 0/0
  4851 | D:3      | Reached skill level 5 in Spellcasting
  4863 | D:3      | Reached skill level 1 in Fighting
  5239 | D:3      | Reached XP level 7. HP: 20/47 MP: 0/0
  5239 | D:3      | Learned a level 3 spell: Confusing Touch
  6184 | D:3      | Found a broken altar of Ashenzari.
  6198 | D:3      | Found a sparkling altar of Nemelex Xobeh.
  6320 | D:4      | Reached skill level 1 in Bows
  6320 | D:4      | Reached skill level 6 in Spellcasting
  6327 | D:4      | Noticed Ijyb
  6331 | D:4      | Killed from afar by Ijyb

Illustrated notes

Levels and vault maps discovered:
D:1:      minmay_arrival_loop, layout_basic, minmay_statues_item
D:2:      layout_basic, serial_shops, shop, ebering_ecumenical_altar_mist,
          eino_tiny_chamber, nrook_mini_backslash
D:3:      lemuel_castle_with_subvaults [lemuel_castle_interior_carwin_2],
          layout_loops_corners, jmf_multi_god_temple2, kennysheep_crisscross
D:4:      kennysheep_the_goblin_king, layout_cave_pools

Skill      XL: |  1  2  3  4  5  6  7 |
---------------+----------------------+-----
Spellcasting   | 3 4 5 6 |  6.0
Stealth        | 2 3 |  3.0
Dodging        | 3 |  3.4
Fighting       | 1 |  1.4
Bows           | 1 |  1.1
Short Blades   | |  0.8

Action                   |  1- 3 |  4- 6 |  7- 9 || total
-------------------------+-------+-------+-------++-------
Melee: Dagger            |     6 |     1 |       ||     7
 Fire: Longbow           |       |       |    50 ||    50
 Cast: Foxfire           |    78 |   106 |    22 ||   206
       Sticky Flame      |       |     1 |       ||     1
  Use: Scroll            |     1 |       |     1 ||     2
Armor: Robe              |     4 |    13 |     2 ||    19
Dodge: Dodged            |    38 |    43 |    26 ||   107

Table legend: (Time is in decaauts)
 A = Elapsed time spent in this place.
 B = Non-inter-level travel time spent in this place.
 C = Inter-level travel time spent in this place.
 D = Time resting spent in this place.
 E = Time spent auto-exploring this place.
 F = Levels seen in this place.
 G = Mean time per level.
                   A        B        C        D        E       F      G
               +--------+--------+--------+--------+--------+-----+--------+
         Total |   6363 |   6143 |    220 |    681 |   4674 |   4 | 1590.8 |
       Dungeon |   6363 |   6143 |    220 |    681 |   4674 |   4 | 1590.8 |
               +--------+--------+--------+--------+--------+-----+--------+

Top non-repeatable levels by time:
     D:3: 2711 daAuts
     D:1: 1951 daAuts
     D:2: 1589 daAuts
     D:4: 112 daAuts
